 Dungeon Crawl Stone Soup version 0.30-b1-2-g02819fbbbe (webtiles) character file.

Game seed: 8433195004376848473

202 Alarkh the Shooter (level 5, -8/38 HPs)
             Began as a Demonspawn Hunter on May 25, 2023.
             Mangled by a sleepcap (17 damage)
             ... on level 4 of the Dungeon.
             The game lasted 00:02:31 (2646 turns).

Alarkh the Shooter (Demonspawn Hunter)              Turns: 2646, Time: 00:02:32

Health: -8/38      AC:  5    Str: 11    XL:     5   Next: 50%
Magic:  5/5        EV:  2    Int: 13    God:
Gold:   209        SH:  0    Dex: 16    Spells: 4/4 levels left

rFire   . . .        a - +0 shortbow
rCold   . . .        (shield currently unavailable)
rNeg    . . .        c - +1 leather armour
rPois   .            (no helmet)
rElec   .            B - +0 cloak
rCorr   .            (no gloves)
SInv    .            (no boots)
Will    .....        t - amulet of the acrobat
Stlth   +            (no ring)
HPRegen 0.26/turn    (no ring)
MPRegen 0.09/turn

%: acrobat
@: sleeping
A: powered by pain 2
a: no special abilities


You were on level 4 of the Dungeon.
You visited 1 branch of the dungeon, and saw 4 of its levels.

You collected 209 gold pieces.

Inventory:

Hand Weapons
 a - a +0 shortbow (weapon)
 b - a +1 dagger of electrocution
Armour
 c - a +1 leather armour (worn)
 B - a +0 cloak (worn)
Jewellery
 s - the ring of Boirrump {*Corrode rElec rF- AC+4 Dex+7}
   (You found it on level 2 of the Dungeon)

   [ring of protection]

   AC:        It affects your AC (+4).
   Dex:       It affects your dexterity (+7).
   rF:        It makes you vulnerable to fire.
   rElec:     It insulates you from electricity.
   *Corrode:  It may corrode you when you take damage.
 t - an amulet of the acrobat (around neck)
 u - an amulet of faith
 w - a ring of magical power
 y - a ring of wizardry
Scrolls
 f - a scroll of teleportation {unknown}
 h - a scroll of magic mapping {unknown}
 j - 2 scrolls of immolation
 m - a scroll of enchant armour
 o - 5 scrolls of identify {unknown}
 q - a scroll of silence
 r - a scroll of enchant weapon {unknown}
 v - a scroll of blinking {unknown}
 x - a scroll of fog {unknown}
 z - a scroll of summoning {unknown}
 A - a scroll of poison {unknown}
 C - a scroll of noise {unknown}
Potions
 d - a potion of mutation {unknown}
 e - 2 potions of curing {unknown}
 g - 2 potions of flight {unknown}
 i - 2 potions of attraction {unknown}
 k - a potion of resistance {unknown}
 l - a potion of invisibility {unknown}
 n - a potion of magic {unknown}
 p - a potion of might {unknown}


   Skills:
 - Level 2.0 Fighting
 + Level 6.2 Ranged Weapons
 - Level 1.7 Dodging
 - Level 0.8 Stealth


You had 4 spell levels left.
You didn't know any spells.
Your spell library contained the following spells:

 Spells                   Type           Power      Damage    Failure   Level
 Necrotise                Necr           0%         1d4       38%         1
 Vampiric Draining        Necr           0%         2d6       77%         3
 Agony                    Necr           0%         N/A       100%        5


Dungeon Overview and Level Annotations

Branches:
Dungeon (4/15)
 Temple: D:4-7

Altars:
Gozag


Innate Abilities, Weirdness & Mutations

You sometimes gain power by taking damage.


Message History

The ball python completely misses you. The ball python grabs you.
The ball python constricts you.
You shoot an arrow. The arrow hits the ball python!
You kill the ball python!
A sleepcap is nearby!
You shoot an arrow. The arrow hits the sleepcap!
The sleepcap is moderately damaged.
You shoot an arrow. The arrow hits the sleepcap.
The sleepcap is moderately damaged.
You shoot an arrow.
The arrow hits the sleepcap but does no damage.
The sleepcap is moderately damaged.
The sleepcap releases spores at you.
You are engulfed in a cloud of soporific spores!
You fall asleep.
The sleepcap releases spores at you!!
You wake up.
Ouch! That really hurt!
You are engulfed in a cloud of soporific spores!
You are unaffected.
You are too injured to fight recklessly!
You are too injured to fight recklessly!
You shoot an arrow.
The arrow hits the sleepcap but does no damage.
The sleepcap is moderately damaged.
The sleepcap releases spores at you.
You are engulfed in a cloud of soporific spores!
You are unaffected.
Unknown command.
Unknown command.
You shoot an arrow. The arrow hits the sleepcap!
The sleepcap is heavily damaged.
The sleepcap barely misses you.
You shoot an arrow. The arrow hits the sleepcap!
The sleepcap is almost destroyed.
The sleepcap releases spores at you.
* * * LOW HITPOINT WARNING * * *
You are engulfed in a cloud of soporific spores!
You fall asleep.
The sleepcap releases spores at you!
You die...

###.### ### #.....#
###..###
..####.###.###......#
.......# ###[...f...#
..####.###.# #.fS...#
...........# #f#
..##.#.###.# ### #.#
#.#.# #.# #.###.# #
#.# #.# #.@f..# #.#
#.# #.##### #.# #.#
#.# #.# #.# #.# #.#
#.####.# #......#
########


You could see a sleepcap.

Vanquished Creatures
  2 hounds
  An iguana (D:4)
  A sleepcap (D:4)
  2 adders
  A shadow imp (D:3)
  A worm (D:3)
  A dart slug (D:3)
  6 endoplasms
  2 giant cockroaches
  5 goblins
  4 hobgoblins
  7 jackals (D:2)
  4 kobolds
  3 quokkas
  8 ball pythons
  4 bats
  A frilled lizard (D:1)
  5 rats
58 creatures vanquished.

Notes
Turn   | Place    | Note
-------+----------+-------------------------------------------
     0 | D:1      | Alarkh the Demonspawn Hunter began the quest for the Orb.
     0 | D:1      | Reached XP level 1. HP: 16/16 MP: 1/1
   188 | D:1      | Reached skill level 4 in Ranged Weapons
   195 | D:1      | Gained mutation: You sometimes gain a little power by
                  | taking damage. [demonic ancestry]
   195 | D:1      | Reached XP level 2. HP: 22/22 MP: 2/2
   826 | D:2      | Reached XP level 3. HP: 27/27 MP: 3/3
  1161 | D:2      | Found a faded altar of an unknown god.
  1168 | D:2      | Identified the ring of Boirrump {*Corrode rElec rF- AC+4
                  | Dex+7}
  1634 | D:3      | Reached skill level 5 in Ranged Weapons
  1658 | D:3      | Gained mutation: You sometimes gain power by taking damage.
                  | [demonic ancestry]
  1658 | D:3      | Reached XP level 4. HP: 29/33 MP: 4/4
  1777 | D:3      | Found an opulent altar of Gozag.
  2283 | D:4      | Reached XP level 5. HP: 21/38 MP: 5/5
  2377 | D:4      | Reached skill level 6 in Ranged Weapons
  2547 | D:4      | Identified the +0 flail of Zin's Reproof {flame, Str+7
                  | Int+4}
  2646 | D:4      | Mangled by a sleepcap

Illustrated notes

Levels and vault maps discovered:
D:1:      dpeg_arrival_tiny_k, layout_loops_corners
D:2:      layout_basic, shapermc_ecumenical_altar_totnotflames
D:3:      layout_basic, lemuel_crystal_altar,
          mainiacjoe_overflow_small_starburst
D:4:      layout_loops_ring, nemelex_diamond_rough_becter, hellmonk_no_cap

Skill      XL: |  1  2  3  4  5 |
---------------+----------------+-----
Ranged Weapons | 4 5 6 |  6.2
Fighting       | |  2.0
Dodging        | |  1.7
Stealth        | |  0.8

Action                     |  1- 3 |  4- 6 || total
---------------------------+-------+-------++-------
  Melee: Dagger            |       |     1 ||     1
   Fire: Shortbow          |   109 |    69 ||   178
    Use: Scroll            |     2 |       ||     2
 Armour: Leather armour    |    14 |    20 ||    34
  Dodge: Dodged            |    37 |    25 ||    62
